2502 views
Uploaded 2021-08-09 05:43:07
Game version 1.32.10
27:46 long 1on1 ladder game on (2)ConcealedHill
Saved by aom
2502 views
Uploaded 2021-08-09 05:43:07
Game version 1.32.10
27:46 long 1on1 ladder game on (2)ConcealedHill

28 units @ 6.3k
/ 0.9k
20 buildings @ 2.9k
/ 1.3k

| Healing Salve | 1 | 100 |
| Potion of Healing | 1 | 150 |
| Scroll of Healing | 2 | 500 |
| Potion of Lesser Invulnerability | 1 | 150 |
| total: | 5 | 900g |
| Peon | 6 | 450 | / | 0 |
| Wind Rider | 22 | 5830 | / | 880 |
| total: | 28 | 6280g | / | 880w |
| Watch Tower | 7 | 770 | / | 560 |
| Altar of Storms | 1 | 180 | / | 50 |
| Orc Burrow | 6 | 960 | / | 240 |
| War Mill | 1 | 205 | / | 0 |
| Voodoo Lounge | 1 | 130 | / | 30 |
| Barracks | 2 | 360 | / | 100 |
| Beastiary | 2 | 290 | / | 280 |
| Stronghold | 1 | 315 | / | 190 |
| Fortress | 1 | 325 | / | 190 |
| total: | 20 | 2895g | / | 1260w |
| 0:03 | Peon |
| 0:03 | Peon |
| 0:03 | Peon |
| 0:03 | Peon |
| 0:04 | Peon |
| 0:04 | Peon |
| 0:23 | Altar of Storms |
| 1:27 | Orc Burrow |
| 2:32 | Stronghold |
| 2:55 | War Mill |
| 3:03 | Rain of Fire |
| 3:37 | Orc Burrow |
| 3:39 | Orc Burrow |
| 4:31 | Orc Burrow |
| 4:33 | Orc Burrow |
| 4:55 | Beastiary |
| 4:59 | Beastiary |
| 6:00 | Orc Burrow |
| 6:10 | Wind Rider |
| 6:11 | Wind Rider |
| 6:12 | Wind Rider |
| 6:12 | Wind Rider |
| 7:05 | Steel Armor |
| 7:09 | Wind Rider |
| 7:10 | Wind Rider |
| 7:52 | Wind Rider |
| 7:59 | Wind Rider |
| 8:22 | Thorium Armor |
| 11:08 | Fortress |
| 11:12 | Howl of Terror |
| 11:55 | Spiked Barricades |
| 12:01 | Watch Tower |
| 12:06 | Watch Tower |
| 12:19 | Watch Tower |
| 12:47 | Watch Tower |
| 13:01 | Improved Spiked Barricades |
| 13:39 | Watch Tower |
| 15:22 | Wind Rider |
| 15:27 | Wind Rider |
| 15:46 | Arcanite Armor |
| 15:52 | Steel Ranged Weapons |
| 16:39 | Howl of Terror |
| 16:48 | Scroll of Healing |
| 16:50 | Scroll of Healing |
| 16:50 | Potion of Lesser Invulnerability |
| 17:52 | Rain of Fire |
| 18:18 | Wind Rider |
| 18:18 | Wind Rider |
| 18:20 | Wind Rider |
| 18:20 | Wind Rider |
| 18:22 | Thorium Ranged Weapons |
| 19:23 | Wind Rider |
| 19:24 | Wind Rider |
| 19:38 | Arcanite Ranged Weapons |
| 20:03 | Voodoo Lounge |
| 20:47 | Barracks |
| 21:09 | Healing Salve |
| 21:11 | Potion of Healing |
| 21:25 | Reinforced Defenses |
| 22:20 | Wind Rider |
| 22:33 | Barracks |
| 23:59 | Howl of Terror |
| 24:36 | Wind Rider |
| 24:37 | Wind Rider |
| 24:38 | Wind Rider |
| 24:39 | Wind Rider |
| 24:40 | Wind Rider |
| 26:04 | Watch Tower |
| 26:12 | Watch Tower |
| Right click | 384 |
| Select | 366 |
| Build/train/purchase | 82 |
| Use ability | 8 |
| Item give/drop | 1 |
| Remove unit | 1 |
48 units @ 7.4k
/ 1.2k
17 buildings @ 2.8k
/ 0.8k



| Rod of Necromancy | 3 | 450 |
| Sacrificial Skull | 1 | 50 |
| Ritual Dagger | 1 | 125 |
| Orb of Corruption | 1 | 375 |
| Scroll of Healing | 1 | 250 |
| Potion of Lesser Invulnerability | 1 | 150 |
| total: | 8 | 1400g |
| Acolyte | 18 | 1350 | / | 0 |
| Ghoul | 8 | 960 | / | 0 |
| Crypt Fiend | 11 | 2365 | / | 440 |
| Obsidian Statue | 3 | 600 | / | 105 |
| Abomination | 2 | 480 | / | 140 |
| Meat Wagon | 2 | 460 | / | 100 |
| Goblin Shredder | 2 | 750 | / | 200 |
| Goblin Sapper | 2 | 430 | / | 200 |
| total: | 48 | 7395g | / | 1185w |
| Nerubian Tower | 4 | 400 | / | 80 |
| Spirit Tower | 2 | 290 | / | 80 |
| Altar of Darkness | 1 | 180 | / | 50 |
| Ziggurat | 8 | 1200 | / | 400 |
| Crypt | 1 | 200 | / | 50 |
| Tomb of Relics | 2 | 260 | / | 60 |
| Graveyard | 1 | 215 | / | 0 |
| Necropolis | 2 | 450 | / | 0 |
| Slaughterhouse | 2 | 280 | / | 270 |
| Halls of the Dead | 1 | 320 | / | 210 |
| Black Citadel | 1 | 325 | / | 230 |
| total: | 17 | 2785g | / | 830w |
| 0:03 | Acolyte |
| 0:04 | Altar of Darkness |
| 0:05 | Ziggurat |
| 0:10 | Acolyte |
| 0:35 | Crypt |
| 0:46 | Tomb of Relics |
| 1:34 | Ziggurat |
| 1:38 | Ghoul |
| 1:38 | Ghoul |
| 1:54 | Ghoul |
| 2:01 | Rod of Necromancy |
| 2:05 | Sleep |
| 2:15 | Ghoul |
| 2:35 | Graveyard |
| 3:39 | Halls of the Dead |
| 3:44 | Nerubian Tower |
| 3:46 | Cannibalize |
| 4:02 | Rod of Necromancy |
| 4:03 | Sacrificial Skull |
| 4:07 | Crypt Fiend |
| 4:31 | Creature Attack |
| 4:56 | Vampiric Aura |
| 5:21 | Crypt Fiend |
| 5:24 | Creature Carapace |
| 5:47 | Crypt Fiend |
| 5:53 | Ziggurat |
| 6:31 | Black Citadel |
| 6:36 | Crypt Fiend |
| 6:53 | Vampiric Aura |
| 7:30 | Ziggurat |
| 7:31 | Ziggurat |
| 7:46 | Ritual Dagger |
| 8:16 | Goblin Shredder |
| 8:42 | Howl of Terror |
| 9:33 | Carrion Swarm |
| 9:42 | Burrow |
| 9:42 | Ghoul Frenzy |
| 9:43 | Web |
| 9:49 | Acolyte |
| 9:49 | Acolyte |
| 9:49 | Acolyte |
| 10:24 | Cleaving Attack |
| 10:35 | Rod of Necromancy |
| 10:49 | Acolyte |
| 10:51 | Acolyte |
| 10:53 | Spirit Tower |
| 11:08 | Improved Creature Attack |
| 11:14 | Acolyte |
| 11:56 | Nerubian Tower |
| 12:00 | Acolyte |
| 12:00 | Acolyte |
| 12:10 | Nerubian Tower |
| 12:12 | Acolyte |
| 12:16 | Spirit Tower |
| 12:48 | Ghoul |
| 12:48 | Ghoul |
| 12:49 | Ghoul |
| 12:51 | Ghoul |
| 13:48 | Scroll of Healing |
| 13:49 | Potion of Lesser Invulnerability |
| 13:59 | Acolyte |
| 14:00 | Acolyte |
| 14:58 | Crypt Fiend |
| 15:03 | Slaughterhouse |
| 15:04 | Slaughterhouse |
| 15:06 | Ziggurat |
| 15:08 | Ziggurat |
| 15:21 | Tomb of Relics |
| 15:34 | Orb of Corruption |
| 15:40 | Crypt Fiend |
| 15:51 | Crypt Fiend |
| 15:54 | Death Coil |
| 16:11 | Destroyer Form |
| 16:20 | Goblin Shredder |
| 17:24 | Cleaving Attack |
| 17:47 | Unholy Aura |
| 18:03 | Vampiric Aura |
| 18:35 | Crypt Fiend |
| 18:40 | Disease Cloud |
| 18:43 | Obsidian Statue |
| 18:43 | Abomination |
| 19:11 | Unholy Strength |
| 19:26 | Goblin Sapper |
| 19:26 | Goblin Sapper |
| 20:46 | Obsidian Statue |
| 20:48 | Nerubian Tower |
| 22:10 | Acolyte |
| 22:10 | Acolyte |
| 22:11 | Acolyte |
| 22:11 | Acolyte |
| 22:15 | Meat Wagon |
| 22:18 | Obsidian Statue |
| 22:18 | Abomination |
| 22:20 | Crypt Fiend |
| 22:20 | Crypt Fiend |
| 22:22 | Advanced Creature Attack |
| 22:51 | Unholy Aura |
| 22:59 | Necropolis |
| 23:01 | Necropolis |
| 23:23 | Improved Creature Carapace |
| 23:25 | Improved Unholy Strength |
| 24:08 | Rain of Fire |
| 24:37 | Crypt Fiend |
| 24:41 | Meat Wagon |
| 24:45 | Unholy Armor |
| 26:04 | Acolyte |
| 26:08 | Ziggurat |
| 27:35 | Death Coil |
| Select group | 2000 |
| Right click | 916 |
| Select | 717 |
| Misc. action | 142 |
| Build/train/purchase | 136 |
| Assign group | 58 |
| Use ability | 54 |
| Item give/drop | 5 |
| Chat | 5 |
| Remove unit | 4 |
| Minimap ping | 1 |